Map: Saalok station

Players

Tesla - Winner!

  • Race: Protoss Protoss

vpetcu

  • Race: Terran Terran

VOD

Have the link to the VOD?

Description

Time

  • Played on: July 23, 2016, 7:50 p.m.
  • Length: 19:58
Show
View Real Time Build Order
Export as new Build Order

Tesla Protoss - Winner!

Build Orders:  

Get SALT Encoding   

  12  0:01  Probe (Chrono Boost)  
  13  0:12  Probe (Chrono Boost)  
  14  0:18  Pylon  
  14  0:22  Probe (Chrono Boost)  
  15  0:37  Probe (Chrono Boost)  
  15  0:38  Gateway  
  16  0:46  Assimilator  
  16  0:47  Probe (Chrono Boost)  
  17  0:58  Probe (Chrono Boost)  
  17  1:01  Pylon  
  18  1:08  Probe (Chrono Boost)  
  19  1:19  Probe (Chrono Boost)  
  19  1:25  Cybernetics Core  
  20  1:29  Probe (Chrono Boost)  
  21  1:40  Probe (Chrono Boost)  
  22  1:50  Probe (Chrono Boost)  
  22  1:53  Warp Gate  
  23  1:57  Nexus  
  24  2:02  Probe (Chrono Boost)  
  26  2:16  Mothership Core (Chrono Boost)  
  26  2:17  Assimilator  
  26  2:22  Pylon  
  26  2:27  Stalker  
  26  2:35  Probe (Chrono Boost)  
  29  2:48  Gateway, Probe (Chrono Boost)  
  31  3:00  Probe (Chrono Boost)  
  31  3:12  Probe (Chrono Boost)  
  32  3:16  Twilight Council  
  32  3:17  Gateway  
  32  3:18  Forge  
  32  3:20  Pylon  
  32  3:22  Probe (Chrono Boost)  
  32  3:26  Probe (Chrono Boost)  
  34  3:33  Probe (Chrono Boost)  
  35  3:38  Probe (Chrono Boost)  
  36  3:43  Resonating Glaives, Probe (Chrono Boost)  
  36  3:47  Assimilator  
  37  3:51  Probe (Chrono Boost)  
  37  3:52  Assimilator  
  37  3:54  Probe (Chrono Boost)  
  39  4:00  Protoss Ground Weapons Level 1  
  40  4:03  Probe (Chrono Boost)  
  40  4:04  Probe (Chrono Boost)  
  40  4:05  Pylon  
  41  4:19  Probe x2 (Chrono Boost)  
  43  4:25  Adept  
  45  4:33  Probe x2 (Chrono Boost)  
  45  4:35  Pylon  
  47  4:38  Pylon  
  47  4:43  Stalker x2  
  52  4:45  Probe (Chrono Boost)  
  52  4:50  Probe (Chrono Boost)  
  53  4:52  Gateway  
  53  4:54  Gateway  
  53  4:55  Gateway  
  53  4:58  Pylon  
  53  5:02  Adept  
  53  5:06  Probe x2 (Chrono Boost)  
  57  5:11  Sentry x2  
  61  5:18  Probe x2 (Chrono Boost)  
  63  5:30  Probe (Chrono Boost)  
  63  5:31  Probe (Chrono Boost)  
  63  5:35  Robotics Facility  
  64  5:36  Gateway  
  64  5:41  Photon Cannon  
  58  5:42  Probe (Chrono Boost)  
  58  5:43  Probe (Chrono Boost)  
  54  6:07  Stalker x3  
  54  6:08  Stalker  
  60  6:19  Protoss Ground Armor Level 1  
  60  6:38  Nexus  
  60  6:41  Pylon  
  60  6:47  Photon Cannon  
  59  6:55  Observer  
  60  7:01  Zealot  
  60  7:02  Zealot x2  
  65  7:35  Probe (Chrono Boost)  
  67  7:38  Probe (Chrono Boost)  
  67  7:39  Stalker x2  
  67  7:41  Zealot  
  73  7:47  Probe (Chrono Boost)  
  73  7:50  Probe (Chrono Boost)  
  76  7:59  Probe (Chrono Boost)  
  76  8:00  Adept x3  
  76  8:02  Probe (Chrono Boost)  
  76  8:05  Observer  
  84  8:09  Pylon  
  84  8:11  Probe (Chrono Boost)  
  84  8:12  Probe (Chrono Boost)  
  86  8:14  Probe (Chrono Boost)  
  86  8:15  Protoss Ground Weapons Level 2  
  87  8:23  Probe x2 (Chrono Boost)  
  87  8:26  Gateway, Probe (Chrono Boost)  
  90  8:27  Gateway, Blink  
  90  8:49  Photon Cannon  
  90  8:52  Assimilator  
  90  8:56  Assimilator  
  90  9:00  Gateway  
  94  9:02  Immortal  
  94  9:14  Stalker  
  94  9:15  Stalker x2  
  81  9:42  Stalker x2  
  81  9:43  Stalker x2  
  89  9:46  Adept  
  89  9:47  Adept  
  93  9:57  Probe (Chrono Boost)  
  95  10:01  Probe (Chrono Boost)  
  97  10:08  Zealot x7, Mothership Core (Chrono Boost), Probe (Chrono Boost)  
  97  10:13  Probe (Chrono Boost)  
  113  10:18  Probe (Chrono Boost)  
  113  10:23  Protoss Ground Armor Level 2  
  113  10:26  Probe (Chrono Boost)  
  114  10:31  Observer  
  115  10:38  Probe (Chrono Boost)  
  116  10:47  Stalker  
  119  10:50  Probe (Chrono Boost), Observer  
  120  11:04  Stargate  
  120  11:07  Pylon  
  120  11:09  Gateway  
  120  11:11  Photon Cannon  
  120  11:12  Photon Cannon  
  120  11:14  Pylon  
  120  11:16  Stalker x2  
  124  11:20  Warp Prism  
  124  11:25  Pylon  
  124  11:29  Pylon  
  124  11:31  Pylon  
  126  11:33  Stalker  
  126  11:34  Stalker x2, Pylon  
  126  11:36  Probe (Chrono Boost)  
  133  11:40  Pylon  
  134  11:47  Probe (Chrono Boost)  
  134  11:50  Phoenix  
  134  11:52  Immortal  
  136  11:57  Probe (Chrono Boost)  
  141  12:08  Probe (Chrono Boost)  
  142  12:15  Phoenix  
  144  12:24  Stalker x2  
  144  12:26  Immortal  
  144  12:28  Sentry  
  144  12:29  Sentry  
  152  12:31  Stalker  
  152  12:35  Probe (Chrono Boost)  
  159  12:42  Nexus  
  159  12:43  Protoss Ground Weapons Level 3  
  159  12:45  Probe (Chrono Boost)  
  159  12:46  Assimilator  
  159  12:50  Assimilator  
  160  12:53  Pylon  
  160  12:56  Probe (Chrono Boost)  
  160  12:58  Pylon  
  161  13:02  Dark Shrine  
  161  13:03  Pylon  
  161  13:06  Pylon  
  161  13:09  Pylon  
  161  13:10  Pylon  
  161  13:14  Stalker x3  
  161  13:15  Immortal  
  167  13:24  Phoenix  
  173  13:52  Adept  
  163  14:01  Adept  
  163  14:02  Adept x9  
  101  14:23  Stalker  
  101  14:24  Stalker x6  
  113  14:47  Stalker x5  
  113  14:50  Observer  
  122  14:58  Photon Cannon  
  122  15:01  Pylon  
  122  15:06  Dark Templar  
  124  15:21  Stalker x2  
  124  15:22  Stalker  
  130  15:36  Gateway  
  130  15:46  Immortal  
  130  15:48  Dark Templar  
  130  15:49  Dark Templar  
  138  16:21  Nexus  
  138  16:25  Assimilator  
  138  16:30  Stalker, Assimilator  
  138  16:31  Stalker x4  
  138  16:32  Stalker  
  150  16:33  Pylon  
  150  16:48  Protoss Ground Armor Level 3  
  150  17:14  Dark Templar  
  150  17:15  Dark Templar x3  
  154  17:34  Dark Templar  
  154  17:35  Dark Templar  
  122  17:44  Observer  
  102  18:00  Stalker x2  
  102  18:02  Adept, Observer  
  102  18:03  Adept x6  
  102  18:05  Phoenix  
  121  18:21  Observer  
  121  18:26  Phoenix  
  122  18:33  Stalker  
  122  18:34  Stalker x7  
  128  18:39  Stalker  
  128  18:40  Stalker x2  
  146  18:58  Observer  
  139  19:27  Dark Templar x3  
  139  19:28  Dark Templar  
  139  19:30  Zealot x2  
  139  19:31  Zealot x5  
  136  19:33  Observer  
Show
View Real Time Build Order
Export as new Build Order

vpetcu Terran 

Build Orders: Liberator Opening 

Get SALT Encoding   

  12  0:01  SCV  
  13  0:13  SCV  
  14  0:19  Supply Depot  
  14  0:25  SCV  
  15  0:40  SCV  
  15  0:42  Barracks  
  16  0:47  Refinery  
  16  0:52  SCV  
  17  1:04  SCV  
  18  1:16  SCV  
  19  1:29  SCV  
  19  1:30  Supply Depot  
  20  1:38  Reaper  
  21  1:51  Command Center  
  21  1:55  Orbital Command  
  21  2:10  Marine  
  21  2:13  Factory  
  22  2:23  Refinery, SCV  
  23  2:31  Marine  
  23  2:36  SCV  
  25  2:48  SCV  
  26  3:00  SCV  
  26  3:09  Orbital Command  
  26  3:12  SCV  
  27  3:14  Starport, Factory Reactor  
  27  3:18  Marine  
  28  3:24  SCV  
  29  3:36  SCV  
  29  3:39  Marine  
  32  3:48  SCV  
  32  3:51  Liberator  
  32  3:52  SCV  
  33  3:58  Command Center  
  33  4:00  SCV  
  34  4:04  SCV  
  34  4:05  Marine  
  34  4:06  Widow Mine  
  34  4:07  Medivac  
  43  4:12  SCV  
  43  4:16  SCV  
  45  4:18  Supply Depot  
  45  4:23  Barracks  
  45  4:25  Marine  
  45  4:27  Barracks  
  46  4:40  SCV x2  
  48  4:47  Marine  
  48  4:48  Widow Mine  
  48  4:50  Medivac  
  48  4:52  SCV  
  54  4:59  Supply Depot  
  54  5:01  Supply Depot  
  54  5:10  Marine, SCV x2, Medivac  
  54  5:13  Barracks Tech Lab  
  59  5:20  Orbital Command  
  59  5:22  SCV x2  
  61  5:34  SCV  
  59  6:01  Marine x3  
  59  6:02  Widow Mine  
  64  6:04  Medivac x2  
  64  6:05  SCV x3  
  71  6:13  Refinery  
  71  6:14  Refinery  
  71  6:17  Supply Depot, SCV x2  
  71  6:18  Supply Depot  
  73  6:19  Marine  
  73  6:24  SCV  
  69  6:28  Marine x2  
  69  6:29  SCV x2  
  69  6:30  Stimpack  
  73  6:37  Marine  
  73  6:39  Barracks x2  
  74  6:40  SCV, Barracks  
  74  6:41  SCV x2  
  74  6:42  Barracks  
  74  6:46  Marine  
  78  6:52  Supply Depot x2, SCV  
  78  6:53  Supply Depot, SCV x2  
  81  6:55  Supply Depot  
  81  6:56  Supply Depot  
  81  7:04  SCV  
  82  7:09  SCV x2  
  84  7:15  Marine  
  84  7:16  Marauder, SCV, Marine  
  87  7:30  Refinery  
  87  7:31  Refinery, Marine x3  
  87  7:32  Widow Mine, Marine  
  87  7:33  Medivac, Marine x2  
  87  7:34  Medivac  
  87  7:37  Marine  
  99  7:39  Supply Depot  
  99  7:40  Supply Depot x2  
  100  7:48  Engineering Bay  
  100  7:49  Engineering Bay  
  100  7:52  SCV x3  
  103  8:04  SCV  
  104  8:10  SCV x2  
  104  8:11  Command Center  
  106  8:14  Marine x4  
  106  8:15  Marine x3  
  106  8:16  Widow Mine, SCV  
  106  8:17  Medivac x2  
  120  8:36  Terran Infantry Weapons Level 1  
  120  8:37  Terran Infantry Armor Level 1  
  120  8:50  Marine x4  
  120  8:51  Supply Depot, Marine  
  120  8:52  Marauder, Widow Mine, Marine  
  120  8:53  Medivac  
  120  8:54  Supply Depot, Medivac  
  120  8:55  Supply Depot  
  134  9:03  SCV x3  
  137  9:15  Armory, SCV  
  109  9:46  Marauder, Marine x5  
  109  9:47  Marine  
  115  10:02  Widow Mine  
  115  10:03  Medivac x2  
  115  10:04  Marine  
  122  10:07  Marauder  
  124  10:17  Marine x5  
  129  10:21  Marine  
  130  10:28  Barracks  
  130  10:29  Marauder, Barracks  
  130  10:30  Orbital Command  
  130  10:33  Barracks  
  130  10:34  Marine  
  133  10:38  Barracks  
  133  10:43  Barracks Tech Lab x2, Marine x3  
  133  10:44  Barracks  
  136  10:50  Marauder, Ghost Academy  
  136  10:51  SCV x2  
  136  10:52  Ghost Academy, Marine, SCV  
  136  10:55  Refinery  
  142  10:57  Refinery  
  142  11:01  Marine  
  141  11:09  SCV x2  
  141  11:10  SCV x2  
  145  11:12  Marauder  
  145  11:14  Marauder x2  
  145  11:15  Marine x4  
  145  11:16  Marine  
  145  11:17  Widow Mine  
  158  11:18  Medivac x2  
  158  11:19  Marine  
  158  11:25  Barracks Tech Lab x2, Barracks  
  163  11:31  Personal Cloaking  
  163  11:32  Nuke, Marine  
  163  11:33  Marine x3  
  163  11:36  SCV x4  
  163  11:39  Barracks Tech Lab x3  
  171  11:45  Ghost x4  
  179  11:48  SCV  
  179  11:50  Ghost  
  182  12:07  Missile Turret x2  
  182  12:09  Missile Turret x5  
  182  12:13  Ghost x2  
  182  12:15  Terran Infantry Armor Level 2, Terran Infantry Weapons Level 2  
  186  12:17  Ghost x2  
  186  12:18  Ghost  
  186  12:20  Barracks Tech Lab x2  
  192  12:25  Ghost  
  192  12:29  Ghost x2  
  196  12:30  Widow Mine  
  196  12:32  Barracks Tech Lab  
  200  12:57  Barracks Tech Lab  
  200  13:17  Command Center  
  200  13:23  Command Center  
  200  13:26  Command Center  
  171  14:00  Ghost x2  
  171  14:01  Ghost x5  
  99  14:25  Ghost x4  
  99  14:26  Ghost  
  99  14:27  Widow Mine  
  99  14:28  Medivac x2  
  99  14:29  Ghost x2  
  115  14:44  Ghost x3  
  115  14:45  Ghost x2  
  125  14:54  Ghost x5  
  125  14:57  Ghost x2  
  139  15:05  Widow Mine  
  139  15:07  Medivac x2  
  142  15:13  Ghost x5  
  152  15:16  Starport  
  150  15:23  Orbital Command  
  150  15:24  Orbital Command  
  147  15:52  Terran Infantry Weapons Level 3, Terran Infantry Armor Level 3  
  147  16:00  Starport Reactor  
  147  16:05  Viking x2  
  151  16:11  Ghost x4  
  151  16:12  Ghost x3  
  165  16:23  Refinery  
  165  16:25  Refinery  
  163  16:31  Ghost x4  
  171  16:36  Refinery  
  171  16:39  Refinery  
  171  16:55  Refinery  
  171  16:59  Refinery  
  171  17:09  Ghost x6  
  81  17:59  Ghost x6  
  81  18:00  Ghost x6  
  105  18:14  Nuke  
  105  18:26  Widow Mine  
  107  18:27  Medivac x2  
  107  18:28  Viking x2  
  103  18:58  Ghost x5  
  103  18:59  Ghost  
  115  19:15  Orbital Command  
Tags
 
Add a new tag
Caveats
  • Supply blocks, unpowered buildings, or Contaminate may cause inaccurate times.
  • Supply counts are checked every 10 seconds.